 Dungeon Crawl Stone Soup version 0.31-a0-1393-g8a68c6e (webtiles) character file.

Game seed: 11084778623794159140

1073 brinewave the Chopper (level 8, -9/55 HPs)
             Began as an Octopode Cinder Acolyte on Dec 24, 2023.
             Was a High Priest of Ignis.
             Shot with an arrow by a centaur (12 damage)
             ... on level 5 of the Dungeon.
             The game lasted 00:16:20 (4182 turns).

brinewave the Chopper (Octopode Cinder Acolyte)     Turns: 4182, Time: 00:16:23

Health: -9/55      AC:  1    Str: 20    XL:     8   Next: 29%
Magic:  13/14      EV: 12    Int: 18    God:    Ignis [*****.]
Gold:   241        SH:  0    Dex:  7    Spells: 13/15 levels left

rFire   + . .        y - +0 war axe (flame)
rCold   . . .        (no shield)
rNeg    . . .        (helmet restricted)
rPois   .            (no amulet)
rElec   .            f - +6 ring of strength
rCorr   .            (no ring)
SInv    .            (no ring)
Will    .....        (no ring)
Stlth   ++           (no ring)
HPRegen 0.29/turn    (no ring)
MPRegen 0.14/turn    (no ring)
                     (no ring)

%: no passive effects
@: marked, studying Axes
A: almost no armour, amphibious, 8 rings, camouflage 1, gelatinous body 1,
(nimble swimmer 1), tentacles
a: Renounce Religion, Fiery Armour, Foxfire Swarm, Rising Flame


You were on level 5 of the Dungeon.
You worshipped Ignis.
Ignis was extremely pleased with you.
You visited 1 branch of the dungeon, and saw 5 of its levels.

You collected 241 gold pieces.

Inventory:

Hand Weapons
 y - a +0 war axe of flaming (weapon)
 z - a +1 hand axe of freezing
Missiles
 b - 55 stones
 g - 13 poisoned darts
 i - 4 curare-tipped darts
 s - 4 javelins
 u - 2 boomerangs
Jewellery
 f - a +6 ring of strength (left tentacle)
 t - a ring of flight
Talismans
 m - a flux talisman
Scrolls
 d - 2 scrolls of teleportation
 e - a scroll of enchant weapon {unknown}
 j - 2 scrolls of fear
 l - a scroll of immolation {unknown}
 n - a scroll of poison {unknown}
 p - a scroll of enchant armour {unknown}
Potions
 h - 4 potions of curing
 k - a potion of haste
 o - 3 potions of berserk rage
 q - 2 potions of magic {unknown}
 r - a potion of lignification {unknown}
 v - a potion of resistance {unknown}
 w - a potion of ambrosia {unknown}
 x - a potion of might {unknown}


   Skills:
 + Level 5.3 Fighting
 + Level 6.7 Axes
 + Level 1.2 Dodging
 + Level 4.0 Spellcasting
 + Level 3.7 Conjurations
 + Level 2.3 Hexes
 - Level 3.4 Fire Magic


You had 13 spell levels left.
You knew the following spells:

 Your Spells              Type           Power      Damage    Failure   Level
a - Magic Dart            Conj           68%        1d6       3%          1
b - Slow                  Hex            48%        N/A       5%          1

Your spell library contained the following spells:

 Spells                   Type           Power      Damage    Failure   Level
 Scorch                   Fire           30%        2d6       5%          2
 Confusing Touch          Hex            12%        N/A       17%         3
 Sigil of Binding         Hex            12%        N/A       17%         3
 Blink                    Tloc           6%         N/A       22%         2
 Call Imp                 Summ           6%         N/A       22%         2
 Fugue of the Fallen      Necr           3%         N/A       41%         3
 Ozocubu's Armour         Ice            3%         N/A       41%         3
 Vampiric Draining        Necr           3%         2d6       41%         3
 Manifold Assault         Tloc           3%         N/A       82%         4


Dungeon Overview and Level Annotations

Branches:
Dungeon (5/15)
 Temple: D:4-7

Altars:


Innate Abilities, Weirdness & Mutations

You cannot wear most types of armour.
You are amphibious.
You can wear up to eight rings at the same time.
Your skin changes colour to match your surroundings (Stealth+).
Your rubbery body absorbs attacks. (AC +1, EV +1)
((You are camouflaged when in or above water. (Stealth+)))
You have tentacles for arms and can constrict up to eight enemies at once.


Message History

The centaur hits you. The centaur kicks you.
You hit the centaur. You burn the centaur.
The centaur is lightly wounded.
You hit the black bear. You burn the black bear.
The centaur hits you but does no damage.
The centaur barely misses you. The black bear barely misses you.
The black bear closely misses you. The black bear claws you.
The centaur misses you. The centaur kicks you. The black bear bites you.
The black bear claws you but does no damage.
The black bear claws you.
The centaur wields a +0 orcbow.
The centaur shoots an arrow.
The arrow hits you!
A centaur comes into view.
There is an open door, spattered with blood here.
The black bear attacks as it pursues you!
The black bear completely misses you. x2; The black bear closely misses you.
You slash the black bear! You burn the black bear.
Your grab misses the black bear. Your squeeze misses the black bear.
The black bear is severely wounded.
The black bear bites you.
* * * LOW HITPOINT WARNING * * *
The black bear misses you. The black bear barely misses you.
You slash the black bear! You burn the black bear. You grab the black bear.
You squeeze the black bear.
You kill the black bear!
The centaur unwields a +0 orcbow.
The centaur barely misses you. The centaur kicks you.
* * * LOW HITPOINT WARNING * * *
Your Spellcasting skill increases to level 4!
You slash the centaur! You burn the centaur.
The centaur is heavily wounded.
The centaur misses you. The centaur kicks you.
* * * LOW HITPOINT WARNING * * *
You completely miss the centaur. You squeeze the centaur!
You kill the centaur!
The centaur wields a +0 shortbow.
The centaur shoots an arrow.
The arrow hits you!
* * * LOW HITPOINT WARNING * * *
The centaur shoots an arrow.
The arrow hits you!
You die...

#.....+... #......#
#c....#....#......#
+.....#....#......#
##.............#####
#.....#######..###
#.....#.#.#.#....#
#.....#^^^^^#....#
#....c#########..#
#.....)@....'.#..#
#.#######.#########..#
.......#..#^^^^^#....#
.......'..#.#.#.#.#..#
########..#######...##
#....[.....###
#....####### ######


You could see a centaur.

Vanquished Creatures
  Grinder (D:3)
  2 black bears
  An ogre (D:4)
  A centaur (D:5)
  Blork the orc (D:4)
  2 scorpions
  A howler monkey (D:5)
  A bombardier beetle (D:5)
  A hound (D:5)
  Jessica (D:3)
  Natasha (thrice) (D:3)
  2 orc wizards
  4 gnolls (D:4)
  4 adders
  2 worms (D:2)
  5 dart slugs
  15 orcs
  4 ball pythons
  7 endoplasms
  8 giant cockroaches
  4 goblins
  5 hobgoblins
  2 jackals (D:2)
  3 quokkas
  5 bats
  3 frilled lizards
  4 kobolds
  6 rats
98 creatures vanquished.

Notes
Turn   | Place    | Note
-------+----------+-------------------------------------------
     0 | D:1      | brinewave the Octopode Cinder Acolyte began the quest for
                  | the Orb.
     0 | D:1      | Reached XP level 1. HP: 16/16 MP: 2/2
   132 | D:1      | Reached XP level 2. HP: 18/20 MP: 3/3
   555 | D:1      | Reached XP level 3. HP: 26/26 MP: 5/5
  1061 | D:2      | Learned a level 1 spell: Magic Dart
  1165 | D:2      | Reached XP level 4. HP: 22/31 MP: 6/6
  1663 | D:3      | Found a faded altar of an unknown god.
  1677 | D:3      | Noticed Grinder
  1861 | D:3      | Noticed Natasha
  1883 | D:3      | Noticed Jessica
  1898 | D:3      | Killed Jessica
  1899 | D:3      | Reached skill level 4 in Axes
  1899 | D:3      | Reached skill level 1 in Conjurations
  1899 | D:3      | Reached XP level 5. HP: 37/37 MP: 6/8
  1909 | D:3      | Killed Natasha
  2188 | D:3      | Noticed Natasha
  2203 | D:3      | Killed Natasha
  2389 | D:3      | Noticed Natasha
  2398 | D:3      | Killed Natasha
  2485 | D:4      | Reached XP level 6. HP: 43/43 MP: 6/10
  2539 | D:4      | Reached skill level 5 in Axes
  3087 | D:4      | Noticed a black bear
  3097 | D:4      | Killed a black bear
  3098 | D:4      | Reached XP level 7. HP: 49/49 MP: 5/11
  3171 | D:4      | Learned a level 1 spell: Slow
  3465 | D:3      | Killed Grinder
  3466 | D:3      | Reached skill level 6 in Axes
  3466 | D:3      | Reached skill level 1 in Hexes
  3618 | D:4      | Noticed Blork the orc
  3621 | D:4      | Killed Blork the orc
  3759 | D:4      | Reached skill level 5 in Fighting
  3856 | D:4      | Upgraded the game from 0.31-a0-1389-g007bd0a to
                  | 0.31-a0-1393-g8a68c6e
  3883 | D:5      | Entered Level 5 of the Dungeon
  3918 | D:5      | Reached XP level 8. HP: 50/55 MP: 13/13
  4089 | D:5      | Reached skill level 1 in Dodging
  4182 | D:5      | Shot with an arrow by a centaur

Illustrated notes

Levels and vault maps discovered:
D:1:      dpeg_arrival_lava_temple_mockup, layout_rooms
D:2:      wad_lake_hut, layout_loops_ring, dreamdust_princess_corridor,
          minmay_cupped
D:3:      cheibrodos_old_hovel, layout_rooms, basic_ecumenical_altar,
          uniq_jessica, uniq_natasha, uniq_grinder
D:4:      layout_basic, minmay_misc_feat_ornament, uniq_blork_the_orc
D:5:      layout_gridville, lemuel_zombie_altar_yredelemnul, grunt_tough_drop,
          uniq_edmund

Skill      XL: |  1  2  3  4  5  6  7  8 |
---------------+-------------------------+-----
Axes           | 4 5 6 |  6.7
Spellcasting   | 2 3 4 |  4.0
Conjurations   | 1 2 3 |  3.7
Fighting       | 4 5 |  5.3
Hexes          | 1 2 |  2.3
Dodging        | 1 |  1.2
Fire Magic     | |  3.4

Action                     |  1- 3 |  4- 6 |  7- 9 || total
---------------------------+-------+-------+-------++-------
  Melee: Hand axe          |    84 |    87 |    45 ||   216
         Constrict         |    18 |    25 |    15 ||    58
         Tentacles         |    12 |    22 |    13 ||    47
         Punch             |     1 |       |       ||     1
         War axe           |       |       |     9 ||     9
  Throw: Stone             |     4 |     2 |       ||     6
         Dart              |       |    13 |     1 ||    14
         Throwing net      |       |     1 |       ||     1
   Cast: Magic Dart        |       |     9 |       ||     9
    Use: Scroll            |     1 |     4 |     1 ||     6
   Stab: Sleeping          |     4 |     3 |     3 ||    10
 Armour: Skin              |    35 |    41 |    27 ||   103
  Dodge: Dodged            |    52 |    43 |    32 ||   127

Table legend: (Time is in decaauts)
 A = Elapsed time spent in this place.
 B = Non-inter-level travel time spent in this place.
 C = Inter-level travel time spent in this place.
 D = Time resting spent in this place.
 E = Time spent auto-exploring this place.
 F = Levels seen in this place.
 G = Mean time per level.
                   A        B        C        D        E       F      G
               +--------+--------+--------+--------+--------+-----+--------+
         Total |   4210 |   4102 |    108 |    115 |   2996 |   5 |  842.0 |
       Dungeon |   4210 |   4102 |    108 |    115 |   2996 |   5 |  842.0 |
               +--------+--------+--------+--------+--------+-----+--------+

Top non-repeatable levels by time:
     D:4: 1357 daAuts
     D:2: 960 daAuts
     D:3: 906 daAuts
     D:1: 686 daAuts
     D:5: 298 daAuts
